 Dungeon Crawl Stone Soup version 0.25-a0-420-g1cc7eeb0d1 (webtiles) character file.

Game seed: 3544164584957024521, levelgen mode: deterministic

2089 kae the Zephyrmancer (level 9, -1/62 HPs)
             Began as a Yellow Draconian Air Elementalist on Jan 19, 2020.
             Was an Initiate of Vehumet.
             Slain by a killer bee (5 damage)
             ... on level 5 of the Dungeon.
             The game lasted 00:15:03 (10536 turns).

kae the Zephyrmancer (DrAE)                        Turns: 10536, Time: 00:15:04

Health: -1/62      AC:  7    Str: 10    XL:     9   Next: 6%
Magic:  2/17       EV: 12    Int: 20    God:    Vehumet [......]
Gold:   282        SH:  0    Dex: 11    Spells: 9/19 levels left

rFire    . . .     SeeInvis .   r - +2 flail (holy)
rCold    . . .     Gourm    .   (no shield)
rNeg     . . .     Faith    .   (armour unavailable)
rPois    .         Spirit   .   (helmet restricted)
rElec    .         Reflect  .   d - scarf {cloud immunity}
rCorr    +         Harm     .   (no gloves)
MR       +....                  (no boots)
Stlth    ++........             m - amulet of the acrobat
HPRegen  0.20/turn              f - ring of protection from magic
MPRegen  0.15/turn              a - ring of wizardry

@: lethally poisoned (-1 -> -4), very slightly contaminated, studying Bows
A: spit acid, unfitting armour, cold-blooded, acid resistance, AC +7
a: Breathe Acid, Renounce Religion


You were on level 5 of the Dungeon.
You worshipped Vehumet.
Vehumet was noncommittal.
You were not hungry.

You visited 2 branches of the dungeon, and saw 6 of its levels.

You collected 282 gold pieces.

Inventory:

Hand Weapons
 r - a +2 flail of holy wrath (weapon)
 x - the +5 spear "Duevenol" {pain, rElec rF+ Stlth-}
   (You took it off a gnoll on level 3 of the Dungeon)

   In the hands of one skilled in necromantic magic, it inflicts extra damage on
   living creatures.
   It protects you from fire.
   It insulates you from electricity.
   It makes you less stealthy.
Armour
 d - a scarf of cloud immunity (worn)
 p - a +1 hat
Jewellery
 a - a ring of wizardry (right hand)
 f - a ring of protection from magic (left hand)
 g - an uncursed ring of fire
 m - an amulet of the acrobat (around neck)
 n - an uncursed ring of protection from fire
 w - an uncursed ring of ice
Wands
 c - a wand of acid (4)
 l - a wand of random effects (18)
Scrolls
 h - 3 scrolls of magic mapping
 j - a scroll of enchant armour
 q - a scroll of remove curse
 t - a scroll of identify
 v - a scroll of amnesia
Potions
 e - 3 potions of magic
 i - a potion of resistance
 o - 2 potions of invisibility
 s - 2 potions of curing
Books
 k - a manual of Bows
Comestibles
 b - 8 rations
 z - a chunk of flesh


   Skills:
 - Level 1.7 Dodging
 - Level 1.7 Stealth
 + Level 5.8 Spellcasting
 + Level 5.9 Conjurations
 * Level 9.0 Air Magic


You had 9 spell levels left.
You knew the following spells:

 Your Spells              Type           Power        Failure   Level  Hunger
a - Shock                 Conj/Air       ####         1%          1    None
b - Static Discharge      Conj/Air       #####...     1%          3    ##.....
c - Swiftness             Chrm/Air       ###.....     1%          2    None
d - Airstrike             Air            #####.....   1%          4    ####...

Your spell library contained the following spells:

 Spells                   Type           Power        Failure   Level  Hunger
 Lightning Bolt           Conj/Air       #####.....   6%          5    #####..


Dungeon Overview and Level Annotations

Branches:
Dungeon (5/15)             Temple (1/1) D:5

Altars:
Ashenzari
Cheibriados
Dithmenos
Fedhas
Gozag
Hepliaklqana
Kikubaaqudgha
Makhleb
Nemelex Xobeh
Okawaru
Ru
Sif Muna
Trog
Uskayaw
Vehumet
Wu Jian
Xom
Yredelemnul
Zin
The Shining One

Annotations:
D:5 1 transporter, VincentAMV's ghost, amateur NaFi


Innate Abilities, Weirdness & Mutations

You can spit globs of acid.
Your golden yellow scales are hard. (AC +7)
You cannot fit into any form of body armour.
You are cold-blooded and may be slowed by cold attacks.
You are resistant to acid. (rCorr)


Message History

The killer bee closely misses you. The killer bee barely misses you.
You feel sick. The killer bee misses you. x2
The killer bee completely misses you. x2; The killer bee closely misses you. x2
The killer bee barely misses you. The killer bee misses you. x2
The killer bee closely misses you.
You feel better. The killer bee stings you.
The killer bee stings you but does no damage.
The killer bee stings you.
* * * LOW HITPOINT WARNING * * *
The killer bee barely misses you. The killer bee misses you.
The killer bee stings you!
* * * LOW HITPOINT WARNING * * *
The killer bee stings you.
* * * LOW HITPOINT WARNING * * *
You are poisoned.
The killer bee poisons you! The killer bee stings you.
* * * LOW HITPOINT WARNING * * *
The killer bee stings you but does no damage.
The killer bee stings you.
You die...

##..).......................... #
#..................#......#.... #
#...#..........................
####.........#......###..........
.##....##....#......# ##.........
###......##.........####.........
......##........©...........#....
....#.....#############..........
...##....#####.y@y.#####.......##
........###...#yyy#...###.......#
....#.#.##..#.y###..#..##........
.>......###...#..!#...###.......)
.........#####..#..#####.....>...
........###...#. .#.y.###..[.....
#.##....##..#..###.W#.y##........
..##....###.#.#.y.#.#.###........
..#......### #yyyy$#####.........


You could see 6 killer bees.

Vanquished Creatures
  Grinder (D:3)
  Edmund (D:4)
  A water moccasin (D:3)
  An orc warrior (D:3)
  The ghost of tilp the Charmwright, an amateur GnSk (D:3)
  A phantom (D:4)
  2 ogres
  A centaur (D:4)
  A bullfrog (D:4)
  2 scorpions
  2 killer bees (D:5)
  2 crimson imps (D:5)
  2 jellies
  2 hounds (D:4)
  A gnoll shaman (D:3)
  4 orc priests
  3 orc wizards
  4 worker ants
  14 gnolls
  15 adders
  A howler monkey skeleton (D:5)
  An ooze (D:3)
  3 adder skeletons
  4 worms
  2 dart slugs
  2 leopard geckos
  8 orcs
  2 ball pythons
  8 bats
  6 giant cockroaches
  7 goblins
  11 hobgoblins
  22 jackals
  6 kobolds
  3 quokkas
  7 frilled lizards
  14 rats
168 creatures vanquished.

Vanquished Creatures (others)
  6 plants (D:3)
6 creatures vanquished.

Grand Total: 174 creatures vanquished

Notes
Turn   | Place    | Note
-------+----------+-------------------------------------------
     0 | D:1      | kae the Draconian Air Elementalist began the quest for the
                  | Orb.
     0 | D:1      | Reached XP level 1. HP: 14/14 MP: 3/3
   571 | D:1      | Reached XP level 2. HP: 16/20 MP: 5/5
   912 | D:1      | Found a shattered altar of Ashenzari.
  1573 | D:2      | Reached XP level 3. HP: 23/26 MP: 6/6
  2022 | D:2      | Reached skill level 4 in Air Magic
  2022 | D:2      | Reached XP level 4. HP: 20/33 MP: 0/7
  3206 | D:3      | Reached XP level 5. HP: 38/38 MP: 9/9
  3618 | D:3      | Noticed a water moccasin
  3654 | D:3      | Killed a water moccasin
  3654 | D:3      | Reached skill level 5 in Air Magic
  3654 | D:3      | Reached XP level 6. HP: 7/45 MP: 1/11
  4067 | D:3      | Found a transporter.
  4070 | D:3      | Found a transporter.
  4108 | D:3      | Learned a level 3 spell: Static Discharge
  4111 | D:3      | Learned a level 2 spell: Swiftness
  4116 | D:3      | Learned a level 4 spell: Airstrike
  4138 | D:3      | Noticed tilp's ghost (amateur GnSk)
  4341 | D:3      | Noticed Grinder
  4543 | D:3      | Noticed an orc warrior
  4641 | D:3      | Killed an orc warrior
  4651 | D:3      | Identified the +5 spear "Duevenol" {pain, rElec rF+ Stlth-}
  4911 | D:3      | Reached skill level 6 in Air Magic
  4911 | D:3      | Your scales start taking on a golden yellow colour.
  4911 | D:3      | Reached XP level 7. HP: 50/50 MP: 8/12
  4911 | D:3      | Gained mutation: You are resistant to acid. (rCorr) [Yellow
                  | Draconian growth]
  5111 | D:4      | Found a shadowy altar of Dithmenos.
  5960 | D:4      | Reached skill level 7 in Air Magic
  6223 | D:4      | Reached XP level 8. HP: 39/57 MP: 6/14
  7008 | D:5      | Entered Level 5 of the Dungeon
  7203 | D:5      | Noticed Edmund
  7368 | D:3      | Killed Grinder
  7368 | D:3      | Reached skill level 5 in Spellcasting
  7368 | D:3      | Reached skill level 5 in Conjurations
  7505 | D:4      | Found a shadowy altar of Dithmenos.
  7658 | D:4      | Killed Edmund
  7658 | D:4      | Reached skill level 8 in Air Magic
  8840 | D:5      | Found a transporter.
  8842 | D:5      | Found a transporter.
  8846 | D:5      | Noticed VincentAMV's ghost (amateur NaFi)
  9246 | D:5      | Found a staircase to the Ecumenical Temple.
  9281 | D:5      | Found a shimmering blue altar of Sif Muna.
  9564 | Temple   | Entered the Ecumenical Temple
  9654 | Temple   | Became a worshipper of Vehumet
  9860 | D:3      | Killed tilp's ghost
  9860 | D:3      | Reached XP level 9. HP: 30/62 MP: 11/17
 10525 | D:5      | Reached skill level 9 in Air Magic
 10536 | D:5      | Slain by a killer bee

Levels and vault maps discovered:
D:1:      roderic_dead_forest, layout_basic, minmay_misc_feat_encased,
          nrook_loot_triangle, grunt_decor_cap, chequers_serial_rivers_micro_e,
          evilmike_ruin_ashenzari
D:2:      layout_basic, kennysheep_generic_room_10
D:3:      layout_basic, gammafunk_ghost_gnarly_gnolls, uniq_grinder
D:4:      layout_layer_cave, overflow_temple_1_default, first_ration,
          minmay_vboxes
D:5:      layout_cave_pools, minmay_temple_entry_fiery, basic_altar,
          gammafunk_ghost_hive, uniq_edmund
Temple:   compressed_dpeg_circular_temple

Skill      XL: |  1  2  3  4  5  6  7  8  9 |
---------------+----------------------------+-----
Conjurations   | 2 3 4 5 |  5.9
Air Magic      | 4 5 6 7 8 9 |  9.0
Spellcasting   | 3 4 5 |  5.8
Dodging        | |  1.7
Stealth        | |  1.7

Action                   |  1- 3 |  4- 6 |  7- 9 || total
-------------------------+-------+-------+-------++-------
Melee: Unarmed           |    32 |       |    10 ||    42
       Tailslap          |     9 |    11 |     7 ||    27
       Mace              |    68 |   178 |    49 ||   295
       Flail             |       |       |    65 ||    65
 Cast: Shock             |    38 |    90 |   152 ||   280
       Static Discharge  |       |     1 |    29 ||    30
       Airstrike         |       |       |     6 ||     6
       Swiftness         |       |       |     1 ||     1
  Use: Potion            |     2 |     3 |     6 ||    11
       Scroll            |       |    11 |     7 ||    18
 Stab: Sleeping          |     2 |     4 |       ||     6
  Eat: Ration            |     1 |       |     3 ||     4
       Chunk             |     1 |     8 |    11 ||    20
Armor: Skin              |    34 |   138 |   119 ||   291
Dodge: Dodged            |   111 |   164 |   259 ||   534

Table legend:
 A = Non-vault XP
 B = Vault XP
 C = Vault XP percentage of total XP
 D = Non-vault monster count
 E = Vault monster count
 F = Vault count percentage of total count
                 A         B        C        D         E       F
            +---------+---------+-------+---------+---------+-------
      Total |    2102 |     883 |  29.6 |     151 |      17 |  10.1
            +---------+---------+-------+---------+---------+-------
        D:1 |      60 |       0 |   0.0 |      26 |       0 |   0.0
        D:2 |     148 |       1 |   0.7 |      29 |       1 |   3.3
        D:3 |     539 |     532 |  49.7 |      42 |      11 |  20.8
        D:4 |     772 |     226 |  22.6 |      26 |       3 |  10.3
        D:5 |     583 |     124 |  17.5 |      28 |       2 |   6.7
            +---------+---------+-------+---------+---------+-------
